 Dungeon Crawl Stone Soup version 0.29-a0-317-gd16b76e6b1 (webtiles) character file.

Game seed: 15797945104447720544

45 Dabor the Insei (level 3, 0/26 HPs)
             Began as a Demonspawn Transmuter on Apr 1, 2022.
             Was a Plaything of Xom.
             Slain by a gnoll
             ... wielding a +0 spear
              (5 damage)
             ... on level 2 of the Dungeon.
             The game lasted 00:01:24 (1384 turns).

Dabor the Insei (Demonspawn Transmuter)             Turns: 1384, Time: 00:01:25

Health: 0/26       AC:  3    Str: 12    XL:     3   Next: 42%
Magic:  6/6        EV: 12    Int: 14    God:    Xom [....*.]
Gold:   115        SH:  0    Dex: 13    Spells: 5/6 levels left

rFire   + . .      SeeInvis .     - Unarmed
rCold   . . .      Faith    .   (no shield)
rNeg    . . .      Spirit   .   a - +0 robe
rPois   .          Reflect  .   (helmet currently unavailable)
rElec   .          Harm     .   (no cloak)
rCorr   .          Rampage  .   (no gloves)
Will    .....                   (boots currently unavailable)
Stlth   +.........              (no amulet)
HPRegen 0.08/turn               f - ring of protection from fire
MPRegen 0.10/turn               (no ring)

@: appendages (expiring)
A: horns 2, talons 2, rugged brown scales 1
a: End Transformation, Renounce Religion


You were on level 2 of the Dungeon.
You worshipped Xom.
You were a beloved toy of Xom.
You had temporarily grown beastly horns and talons.
You visited 1 branch of the dungeon, and saw 2 of its levels.

You collected 115 gold pieces.

Inventory:

Armour
 a - a +0 robe (worn)
 d - a +0 hat (melded)
Jewellery
 f - a ring of protection from fire (left hand)
Scrolls
 e - 5 scrolls of identify {unknown}
 g - a scroll of vulnerability {unknown}
Potions
 b - a potion of flight {unknown}
 c - a potion of degeneration {unknown}
 h - a potion of brilliance {unknown}


   Skills:
 + Level 1.6 Fighting
 + Level 2.2 Dodging
 + Level 3.0 Unarmed Combat
 + Level 2.3 Spellcasting
 + Level 2.2 Transmutations


You had 5 spell levels left.
You knew the following spells:

 Your Spells              Type           Power      Damage    Failure   Level
a - Beastly Appendage     Tmut           14%        N/A       9%          1

Your spell library contained the following spells:

 Spells                   Type           Power      Damage    Failure   Level
 Wereblood                Tmut           7%         N/A       14%         2
 Spider Form              Tmut/Pois      4%         N/A       41%         3
 Ice Form                 Ice/Tmut       4%         N/A       82%         4


Dungeon Overview and Level Annotations

Branches:
Dungeon (2/15)

Altars:
Xom


Innate Abilities, Weirdness & Mutations

You have temporarily grown beastly horns and talons.
You are partially covered in rugged brown scales. (AC +1, +3% HP)


Message History

You are now a plaything of Xom.
A gnoll comes into view.
It is wielding a +2 flail of holy wrath.
A gnoll is nearby!
A gnoll is nearby!
A gnoll is nearby!
You grow a pair of large bovine horns.
Your feet morph into talons.
Your +0 hat melds into your body.
The gnoll shouts!
Found a golden potion.
A gnoll comes into view. It is wielding a +0 whip.
A gnoll comes into view. It is wielding a +0 halberd.
The gnoll shouts! "Hum-dee-hum-dee-hum..."
The gnoll suddenly stops moving!
You are now a special plaything of Xom.
A gnoll comes into view. It is wielding a +0 spear.
The helpless gnoll fails to defend itself.
You hit the gnoll.
The gnoll shouts!
You claw the gnoll, but do no damage. You headbutt the gnoll!
The gnoll is almost dead.
The helpless gnoll fails to defend itself.
You hit the gnoll.
You kill the gnoll!
Things that are here:
a +2 flail of holy wrath; a gnoll corpse Your transformation is almost over. "First here, now there."
You swap places with the gnoll.
Found a chain mail.
Some monsters swap places.
You are now a beloved toy of Xom.
The gnoll hits you from afar with a +0 halberd.
The gnoll hits you with a +0 spear.
You hit the gnoll but do no damage. You claw the gnoll. You headbutt the gnoll.
The gnoll is severely wounded.
The gnoll hits you from afar with a +0 halberd!
Ouch! That really hurt!
* * * LOW HITPOINT WARNING * * *
The gnoll hits you with a +0 spear.
You die...
Xom howls with laughter!

#.###...#.####
#.##.........#
#....#######.#
#.##.# #.# #.##.#
#g# .....#
#.######. ##....#
#g.....!. ####.#
#g####.## #.#
#@..#
#................
...###......#.###
#.#..##.# .. #[
#.. .# .. .. ...
.# . # ##.# .# #.


You could see 3 gnolls.

Vanquished Creatures
  A gnoll (D:2)
  An adder (D:2)
  A dart slug (D:1)
  A ball python (D:1)
  2 endoplasms (D:2)
  A giant cockroach (D:1)
  3 goblins (D:1)
  3 hobgoblins (D:1)
  5 kobolds (D:1)
  3 bats
  2 frilled lizards (D:1)
  3 rats (D:1)
26 creatures vanquished.

Notes
Turn   | Place    | Note
-------+----------+-------------------------------------------
     0 | D:1      | Dabor the Demonspawn Transmuter began the quest for the
                  | Orb.
     0 | D:1      | Reached XP level 1. HP: 15/15 MP: 3/3
   444 | D:1      | Gained mutation: You are partially covered in rugged brown
                  | scales. (AC +1, +3% HP) [demonic ancestry]
   444 | D:1      | Reached XP level 2. HP: 12/21 MP: 3/5
   686 | D:1      | Found a faded altar of an unknown god.
   752 | D:1      | Prayed at the altar of an unknown god.
   752 | D:1      | Became a worshipper of Xom of Chaos
  1176 | D:2      | XOM: silly message
  1290 | D:2      | Reached skill level 3 in Unarmed Combat
  1290 | D:2      | Reached XP level 3. HP: 22/26 MP: 4/6
  1376 | D:2      | XOM: enchant monster (good)
  1383 | D:2      | XOM: swap monsters
  1384 | D:2      | Slain by a gnoll

Illustrated notes

Levels and vault maps discovered:
D:1:      onia_arrival_pyramid, layout_rooms, dreamdust_ecumenical_altar_statues
D:2:      layout_loops_ring, uniq_terence, uniq_natasha, uniq_sigmund

Skill      XL: |  1  2 |
---------------+-------+-----
Dodging        | 2 |  2.2
Transmutations | 2 |  2.2
Unarmed Combat | 3 |  3.0
Fighting       | |  1.6
Spellcasting   | |  2.3

Action                   || total
-------------------------++-------
Melee: Unarmed           ||    69
       Headbutt          ||     8
       Kick              ||     6
       Punch             ||     3
 Cast: Beastly Appendage ||    11
  Use: Potion            ||     1
 Stab: Paralysed         ||     2
Armor: Skin              ||    21
       Robe              ||    17
Dodge: Dodged            ||    42

Table legend: (Time is in decaauts)
 A = Elapsed time spent in this place.
 B = Non-inter-level travel time spent in this place.
 C = Inter-level travel time spent in this place.
 D = Time resting spent in this place.
 E = Time spent auto-exploring this place.
 F = Levels seen in this place.
 G = Mean time per level.
                   A        B        C        D        E       F      G
               +--------+--------+--------+--------+--------+-----+--------+
         Total |   1381 |   1370 |     11 |    484 |    673 |   2 |  690.5 |
       Dungeon |   1381 |   1370 |     11 |    484 |    673 |   2 |  690.5 |
               +--------+--------+--------+--------+--------+-----+--------+

Top non-repeatable levels by time:
     D:1: 1132 daAuts
     D:2: 249 daAuts
